 Dungeon Crawl Stone Soup version 0.22-a0-300-g82e80c5 (webtiles) character file.

198 b5mith the Poker (level 6, -1/48 HPs)
             Began as a Human Berserker on Mar 25, 2018.
             Was a Believer of Trog.
             Succumbed to an orc's poison
             ... on level 2 of the Dungeon.
             The game lasted 00:06:42 (2165 turns).

b5mith the Poker (Human Berserker)                  Turns: 2165, Time: 00:06:43

Health: -1/48      AC:  6    Str: 23    XL:     6   Next: 5%
Magic:  6/6        EV: 12    Int:  7    God:    Trog [**....]
Gold:   66         SH:  0    Dex: 13    Spells: 5/5 levels left

rFire    . . .     SeeInvis .   a - +0 spear
rCold    . . .     Gourm    .   (no shield)
rNeg     . . .     Faith    .   t - +0 ring mail
rPois    .         Spirit   .   (no helmet)
rElec    .         Reflect  .   (no cloak)
rCorr    .         Harm     .   (no gloves)
MR       +....                  l - +0 pair of boots
Stlth    +.........             e - amulet of inaccuracy (curse)
HPRegen  0.16/turn              n - +4 ring of strength
MPRegen  0.10/turn              s - ring of protection from magic

@: lethally poisoned (-1 -> -26), berserk cooldown, slowed, very slow
A: no striking features
a: Berserk, Trog's Hand, Renounce Religion


You were on level 2 of the Dungeon.
You worshipped Trog.
Trog was pleased with you.
You were very hungry.

You visited 1 branch of the dungeon, and saw 3 of its levels.

You collected 66 gold pieces.

Inventory:

Hand Weapons
 a - a +0 spear (weapon)
Missiles
 k - 2 tomahawks (quivered)
 m - 6 stones
 p - 48 bolts
Armour
 b - a +0 animal skin
 l - a +0 pair of boots (worn)
 t - a +0 ring mail (worn)
Jewellery
 e - a cursed amulet of inaccuracy (around neck)
 n - a +4 ring of strength (left hand)
 s - a ring of protection from magic (right hand)
Scrolls
 f - 4 scrolls of identify {unknown}
 g - 2 scrolls of fog {unknown}
 j - a scroll of immolation {unknown}
 r - a scroll of enchant armour {unknown}
 u - a scroll of magic mapping {unknown}
 v - a scroll of teleportation {unknown}
Potions
 h - a potion of brilliance {unknown}
 i - 2 potions of ambrosia {unknown}
 o - 2 potions of haste {unknown}
 q - 2 potions of curing {unknown}
Comestibles
 c - 8 rations
 d - 2 chunks of flesh


   Skills:
 + Level 4.0 Fighting
 + Level 4.0 Polearms
 + Level 3.3 Armour
 + Level 3.2 Dodging


You had 5 spell levels left.
You didn't know any spells.

Dungeon Overview and Level Annotations

Branches:
Dungeon (3/15)

Altars:
Dithmenos


Message History

The orc is moderately wounded.
The orc barely misses you. x2
You hit the orc but do no damage.
The orc is moderately wounded.
You feel sick. The orc barely misses you.
Your ring mail prevents you from hitting the orc.
The orc is lightly wounded.
The orc hits you with a dagger of venom.
* * * LOW HITPOINT WARNING * * *
You are lethally poisoned!
You hit the orc but do no damage.
The orc is lightly wounded.
* * * LOW HITPOINT WARNING * * *
You feel sick. The orc hits you but does no damage.
You are more poisoned.
The orc hits you but does no damage.
You are more poisoned.
You miss the orc.
The orc is lightly wounded.
You die...

####### ##.# #.# #.#
......# #.###.# #.#
......# #..##.# #.######
......# ##.##.# #.......
......# #..#.# ########
§.....# ##.#.# §.....#
#...#######
......#########o.......#
......'.).....'.@......#
......#########........#
#............##........#
#.##########.##........#
#.# #.##........# #.#
#.########### #.#
#.####################
#.#
#.....................
#.#
######################


You could see an orc.

Vanquished Creatures
  A bullfrog (D:3)
  A crimson imp (D:2)
  A gnoll (D:1)
  4 adders
  3 leopard geckos
  5 orcs (D:3)
  2 ball pythons
  A giant cockroach (D:2)
  4 goblins
  7 hobgoblins
  7 bats
  2 frilled lizards
  4 kobolds
  6 rats (D:1)
48 creatures vanquished.

Notes
Turn   | Place    | Note
-------+----------+-------------------------------------------
     0 | D:1      | b5mith the Human Berserker began the quest for the Orb.
     0 | D:1      | Reached XP level 1. HP: 18/18 MP: 1/1
   223 | D:1      | Reached XP level 2. HP: 7/24 MP: 2/2
   818 | D:1      | Reached XP level 3. HP: 19/29 MP: 3/3
  1327 | D:2      | Reached XP level 4. HP: 24/35 MP: 4/4
  1441 | D:2      | Found a shadowy altar of Dithmenos.
  1497 | D:2      | Reached ** piety under Trog
  1829 | D:3      | Noticed a bullfrog
  1840 | D:3      | Reached XP level 5. HP: 42/42 MP: 5/5
  1852 | D:3      | Killed a bullfrog
  2136 | D:3      | Reached XP level 6. HP: 10/48 MP: 6/6
  2164 | D:2      | HP: 2/48 [poisoned by an orc]
  2165 | D:2      | Succumbed to an orc's poison

Vault maps used:
D:1:      elethiomel_arrival_shortcut
D:2:      grunt_dithmenos_smoke_and_mirrors
D:3:      cheibrodos_sewer_entry_drain, first_ration

Skill      XL: |  1  2  3  4  5 |
---------------+----------------+-----
Fighting       | 4 |  4.0
Polearms       | 4 |  4.0
Armour         | 3 |  3.3
Dodging        | 3 |  3.2

Action                   |  1- 3 |  4- 6 || total
-------------------------+-------+-------++-------
Melee: Spear             |   119 |   112 ||   231
Throw: Tomahawk          |     2 |     4 ||     6
       Stone             |       |    34 ||    34
Invok: Berserk           |       |     2 ||     2
 Stab: Sleeping          |     1 |       ||     1
  Eat: Chunk             |     1 |     4 ||     5
Armor: Animal skin       |    32 |     9 ||    41
       Ring mail         |       |    42 ||    42
       Skin              |       |     4 ||     4
Dodge: Dodged            |    64 |   122 ||   186

Table legend:
 A = Spawn XP
 B = Non-spawn XP
 C = Spawn XP percentage of total XP
 D = Spawn monster count
 E = Non-spawn monster count
 F = Spawn count percentage of total count
 G = Total turns spent on level
                    A         B        C        D         E        F      G
               +---------+---------+-------+---------+---------+-------+---------
         Total |       0 |     283 |   0.0 |       0 |      48 |   0.0 |  2165
               +---------+---------+-------+---------+---------+-------+---------
           D:1 |       0 |      47 |   0.0 |       0 |      22 |   0.0 |  1252
           D:2 |       0 |      91 |   0.0 |       0 |      11 |   0.0 |   563
           D:3 |       0 |     145 |   0.0 |       0 |      15 |   0.0 |   350
               +---------+---------+-------+---------+---------+-------+---------
